 Dungeon Crawl Stone Soup version 0.28.0-53-g5a82cb258f (webtiles) character file.

Game seed: 2233017397332157325

35 nshep25 the Chopper (level 3, -2/23 (27) HPs)
             Began as a Demonspawn Gladiator on July 18, 2022.
             Was a Follower of Okawaru.
             Slain by Jessica
             ... wielding a +0 club
              (4 damage)
             ... on level 2 of the Dungeon.
             The game lasted 00:07:07 (1201 turns).

nshep25 the Chopper (Demonspawn Gladiator)          Turns: 1201, Time: 00:07:09

HP:   -2/23 (27)    AC:  9    Str: 16    XL:     3   Next: 16%
MP:   0/3           EV:  7    Int: 15    God:    Okawaru [*.....]
Gold: 95            SH:  0    Dex: 14    Spells: 2/2 levels left

rFire   . . .      SeeInvis .   k - +2 short sword (drain)
rCold   . . .      Faith    .   (no shield)
rNeg    . . .      Spirit   +   i - +0 chain mail
rPois   .          Reflect  .   c - +0 helmet
rElec   .          Harm     .   (no cloak)
rCorr   .          Rampage  .   (no gloves)
Will    .....                   (no boots)
Stlth   ..........              l - amulet of guardian spirit
HPRegen 0.07/turn               e - +6 ring of intelligence
MPRegen 0.08/turn               (no ring)

@: slowed, heavily drained, very slow
A: (demonic guardian 1)
a: Renounce Religion, Heroism


You were on level 2 of the Dungeon.
You worshipped Okawaru.
Okawaru was aware of your devotion.
You visited 1 branch of the dungeon, and saw 2 of its levels.

You collected 95 gold pieces.

Inventory:

Hand Weapons
 a - a +0 war axe
 g - a +0 spear
 k - a +2 short sword of draining (weapon)
Missiles
 d - 3 throwing nets (quivered)
Armour
 b - a +0 leather armour
 c - a +0 helmet (worn)
 i - a +0 chain mail (worn)
Jewellery
 e - a +6 ring of intelligence (left hand)
 l - an amulet of guardian spirit (around neck)
Scrolls
 h - a scroll of blinking {unknown}
Potions
 f - 2 potions of curing {unknown}
 j - a potion of heal wounds {unknown}


   Skills:
 + Level 2.1 Fighting
 + Level 3.4 Axes
 + Level 1.9 Throwing
 + Level 0.1 Armour
 + Level 3.0 Dodging
 + Level 0.1 Stealth


You had 2 spell levels left.
You didn't know any spells.
Your spell library was empty.

Dungeon Overview and Level Annotations

Branches:
Dungeon (2/15)

Altars:
Okawaru

Annotations:
D:2 Jessica


Innate Abilities, Weirdness & Mutations

((A weak demonic guardian rushes to your aid.))


Message History

You hit the frilled lizard.
You kill the frilled lizard!
Okawaru accepts your kill.
You see here a hobgoblin corpse.
Jessica the Apprentice Sorceress comes into view.
She is wielding a +0 club.
Jessica shouts!
Jessica mumbles some strange words.
Jessica seems to speed up.
Jessica gestures at you while chanting. You resist with some effort.
Jessica casts a spell.
Jessica blinks!
Jessica points at you and mumbles some strange words.
You resist with some effort.
Jessica gestures wildly.
Jessica casts a spell at you.
You feel yourself slow down.
Jessica casts a spell.
Jessica blinks!
Jessica hits you with a +0 club. Jessica hits you but does no damage.
You closely miss Jessica. Jessica closely misses you.
Jessica mumbles some strange words.
Jessica blinks!
Jessica barely misses you.
You barely miss Jessica.
Jessica grins evilly.
Jessica barely misses you. Jessica hits you but does no damage.
You hit Jessica.
Jessica is moderately wounded.
Jessica barely misses you. x2
Jessica gestures at you while chanting. Pain shoots through your body!
You hit Jessica.
Jessica is heavily wounded.
Jessica casts a spell at you. Pain shoots through your body!
Ouch! That really hurt!
* * * LOW HITPOINT WARNING * * *
Jessica hits you with a +0 club.
You die...

# #######.#..#
#.#..# #.#..# ###
#.#..# ..# #.#..#
#.# #†#..# #.#
#.#..# #.# #.#..#
#.####.###.#@.###
#..........@....#
####.#.##.###.#.#
#.#.##.# #.#.#
#.#.##.# #.# #
##.#.##.###.#
#######...........#
............#.#####
#######...#.#.#


You could see Jessica (fast).

Vanquished Creatures
  A dart slug (D:2)
  A bat (D:1)
  3 endoplasms (D:1)
  2 giant cockroaches (D:1)
  7 hobgoblins
  A quokka (D:1)
  2 ball pythons (D:1)
  3 frilled lizards
  5 kobolds
  6 rats
31 creatures vanquished.

Vanquished Creatures (others)
  3 fungi (D:1)
  7 plants (D:1)
10 creatures vanquished.

Grand Total: 41 creatures vanquished

Notes
Turn   | Place    | Note
-------+----------+-------------------------------------------
     0 | D:1      | nshep25 the Demonspawn Gladiator began the quest for the
                  | Orb.
     0 | D:1      | Reached XP level 1. HP: 16/16 MP: 1/1
   240 | D:1      | Gained mutation: A weak demonic guardian rushes to your
                  | aid. [demonic ancestry]
   240 | D:1      | Reached XP level 2. HP: 18/22 MP: 2/2
   254 | D:1      | Found a faded altar of an unknown god.
   258 | D:1      | Prayed at the altar of an unknown god.
   258 | D:1      | Became a worshipper of Warmaster Okawaru
   258 | D:1      | Reached * piety under Okawaru
   995 | D:2      | Reached XP level 3. HP: 24/27 MP: 3/3
  1188 | D:2      | Noticed Jessica
  1201 | D:2      | Slain by Jessica

Illustrated notes

Levels and vault maps discovered:
D:1:      nicolae_arrival_somewhat_less_tricky_arrival, layout_basic,
          shapermc_ecumenical_altar_mp_urbaneastern
D:2:      layout_loops_ring, uniq_jessica

Skill      XL: |  1  2 |
---------------+-------+-----
Axes           | 3 |  3.4
Dodging        | 3 |  3.0
Fighting       | |  2.1
Throwing       | |  1.9
Armour         | |  0.1
Stealth        | |  0.1

Action                   || total
-------------------------++-------
Melee: War axe           ||   101
       Punch             ||     3
       Short sword       ||    10
Armor: Leather armour    ||    13
       Chain mail        ||    25
Dodge: Dodged            ||    63
